 Dungeon Crawl Stone Soup version 0.17-a0-737-gf0a300a (webtiles) character file.

154 Ngotmuk the Covered (level 5, -1/49 HPs)
             Began as a Deep Dwarf Fighter on Apr 26, 2015.
             Slain by Ngotmuk's ghost (8 damage)
             ... on level 3 of the Dungeon.
             The game lasted 00:03:38 (1488 turns).

Ngotmuk the Covered (Deep Dwarf Fighter)            Turns: 1488, Time: 00:03:38

Health: -1/49      AC: 12    Str: 21    XL:     5   Next: 13%
Magic:  5/5        EV:  7    Int:  8    God:
Gold:   99         SH:  9    Dex: 12    Spells: 0 memorised, 4 levels left

rFire  . . .     SeeInvis .     a - +0 war axe
rCold  . . .     Clarity  .     b - +0 scale mail
rNeg   . . .     SustAb   +     c - +0 shield
rPois  .         Gourm    .     s - +2 helmet
rElec  .         Spirit   .     v - +0 cloak
rCorr  .         Warding  .     (no gloves)
rMut   .         Rnd*Tele +     i - +0 pair of boots
MR     .....                    (no amulet)
Stlth  ..........               w - ring of teleportation (curse)
                                q - ring of sustain abilities

@: non-regenerating, not resistant to hostile enchantments, extremely unstealthy
A: damage resistance, recharge devices, sense surroundings 1, slow healing 3
a: Device Recharging, Evoke Teleportation


You were on level 3 of the Dungeon.
You were not hungry.

You visited 1 branch of the dungeon, and saw 3 of its levels.

You collected 99 gold pieces.

Inventory:

Hand weapons
 a - a +0 war axe (weapon)
Armour
 b - a +0 scale mail (worn)
 c - a +0 shield (worn)
 i - a +0 pair of boots (worn)
 s - a +2 helmet (worn)
 v - a +0 cloak (worn)
Jewellery
 q - a ring of sustain abilities (left hand)
 w - a cursed ring of teleportation (right hand)
Magical devices
 e - a wand of heal wounds (4)
 m - a wand of magic darts (11)
Scrolls
 l - 4 scrolls of identify {unknown}
 o - a scroll of teleportation {unknown}
 u - a scroll of remove curse {unknown}
Potions
 d - a potion of might
 g - a potion of resistance {unknown}
 h - 2 potions of curing {unknown}
 k - a potion of cure mutation {unknown}
 p - 2 potions of restore abilities {unknown}
 r - 2 potions of heal wounds {unknown}
 t - a potion of lignification {unknown}
 x - a potion of degeneration {unknown}
Comestibles
 f - 3 bread rations
 j - a beef jerky
 n - 2 fruits


   Skills:
 + Level 3.3 Fighting
 + Level 3.5 Axes
 + Level 4.4 Armour
 + Level 4.2 Shields


You had 4 spell levels left.
You didn't know any spells.

Dungeon Overview and Level Annotations

Branches:
Dungeon (3/15)

Altars:
Qazlal
Vehumet
Zin

Annotations:
D:3 Ngotmuk's ghost, average DDFi


Innate Abilities, Weirdness & Mutations

You are resistant to damage.
You can recharge devices by infusing magical energy.
You passively map a small area around you.
You do not heal naturally.


Message History

You hit Ngotmuk's ghost but do no damage.
Ngotmuk's ghost is moderately damaged.
Ngotmuk's ghost ripples.
Ngotmuk's ghost hits you!
* * * LOW HITPOINT WARNING * * *
You hit Ngotmuk's ghost.
Ngotmuk's ghost is heavily damaged.
Ngotmuk's ghost barely misses you. You block Ngotmuk's ghost's attack.
Your shield and scale mail prevent you from hitting Ngotmuk's ghost.
Ngotmuk's ghost is heavily damaged.
Ngotmuk's ghost hits you but does no damage.
You hit Ngotmuk's ghost but do no damage.
Ngotmuk's ghost is heavily damaged.
Ngotmuk's ghost hits you.
* * * LOW HITPOINT WARNING * * *
Ngotmuk's ghost hits you but does no damage.
You hit Ngotmuk's ghost but do no damage.
Ngotmuk's ghost is heavily damaged.
Ngotmuk's ghost hits you!
You die...

....#... ......
...... , .......
....# , ........,
....# ........# *
..†.#, , ........#
....#,, ........#
.#..# , ....W....#
....# * #W#
.#.#####.# #@#
.........# #.#
...####### #.#
...#############.#
...............#.#
.#.###########.#.#
.#.# #..#.#.# .#.#
#....#.# .#.#
####.#.#


You could see Ngotmuk's ghost.

Vanquished Creatures
  An orc priest (D:3)
  Jessica (D:2)
  Robin (D:2)
  3 adders
  A worm (D:2)
  3 orcs (D:3)
  4 bats
  2 giant cockroaches (D:1)
  14 goblins
  7 hobgoblins
  5 kobolds (D:1)
  A giant gecko (D:1)
  3 giant newts
  10 rats
56 creatures vanquished.

Notes
Turn   | Place    | Note
--------------------------------------------------------------
     0 | D:1      | Ngotmuk, the Deep Dwarf Fighter, began the quest for the Orb.
     0 | D:1      | Reached XP level 1. HP: 20/20 MP: 1/1
   144 | D:1      | Reached XP level 2. HP: 25/27 MP: 2/2
   638 | D:2      | Reached XP level 3. HP: 22/33 MP: 3/3
   689 | D:2      | Noticed Robin
   708 | D:2      | Reached skill level 4 in Armour
   720 | D:2      | Killed Robin
   957 | D:2      | Reached XP level 4. HP: 29/42 MP: 4/4
  1010 | D:2      | Noticed Jessica
  1015 | D:2      | Killed Jessica
  1337 | D:3      | Reached XP level 5. HP: 24/49 MP: 5/5
  1344 | D:3      | Found a stormy altar of Qazlal.
  1344 | D:3      | Found a radiant altar of Vehumet.
  1345 | D:3      | Found a glowing silver altar of Zin.
  1469 | D:3      | Noticed Ngotmuk's ghost (average DDFi)
  1488 | D:3      | Slain by Ngotmuk's ghost

Action                   |  1- 3 |  4- 6 || total
-------------------------+-------+-------++-------
Melee: War axe           |   131 |    57 ||   188
Evoke: Wand              |     1 |       ||     1
  Eat: Royal jelly       |       |     1 ||     1
